Map: Terraform LE (Void)

Players

llllllllllll - Winner!

  • Race: Terran Terran
  • League: Diamond

Jay

  • Race: Zerg Zerg
  • League: Master

VOD

Have the link to the VOD?

Description

Time

  • Played on: July 21, 2015, 10:02 a.m.
  • Length: 19:21
Show
View Real Time Build Order
Export as new Build Order

llllllllllll Terran - Winner!

Build Orders: Liberator Opening, Reaper Expand, MMM Bio 

Get SALT Encoding   

  12  0:01  SCV  
  13  0:13  SCV  
  14  0:18  Supply Depot  
  14  0:25  SCV  
  15  0:39  SCV  
  15  0:40  Barracks  
  16  0:45  Refinery  
  16  0:51  SCV  
  17  1:03  SCV  
  18  1:15  SCV  
  19  1:29  Reaper  
  19  1:31  Orbital Command  
  20  1:39  Command Center  
  20  1:51  Supply Depot  
  20  1:57  SCV  
  20  2:01  Marine  
  22  2:09  Factory  
  22  2:10  SCV  
  23  2:22  SCV, Refinery  
  24  2:28  Barracks Reactor  
  24  2:34  SCV  
  25  2:46  SCV  
  26  2:52  Orbital Command  
  26  2:55  Supply Depot  
  26  2:58  SCV  
  26  3:04  Starport  
  27  3:10  SCV  
  27  3:11  Hellion  
  27  3:12  Hellion  
  32  3:13  Orbital Command  
  32  3:16  Barracks Tech Lab  
  32  3:23  SCV  
  32  3:25  Liberator  
  33  3:30  Supply Depot  
  33  3:33  Hellion  
  33  3:34  Hellion  
  37  3:35  SCV  
  37  3:40  SCV  
  39  3:45  Marine  
  39  3:46  Stimpack  
  42  3:53  SCV  
  42  3:54  Hellion  
  42  3:55  Hellion  
  47  3:56  SCV  
  48  4:03  Marine  
  48  4:06  SCV  
  48  4:07  Armory  
  48  4:09  SCV  
  51  4:10  Refinery  
  51  4:13  Liberator  
  51  4:18  SCV  
  51  4:19  Hellion x2  
  51  4:21  SCV  
  57  4:29  Supply Depot  
  57  4:30  SCV  
  61  4:33  SCV  
  62  4:38  Bunker  
  62  4:48  Supply Depot  
  62  4:49  Supply Depot  
  62  4:50  Marine  
  62  4:51  SCV x2  
  65  5:03  SCV x2  
  65  5:08  Marine  
  66  5:15  SCV x2  
  66  5:16  Supply Depot  
  68  5:21  Engineering Bay  
  68  5:23  Engineering Bay  
  68  5:24  Barracks x3  
  68  5:27  SCV  
  69  5:39  Hellion x4  
  69  5:40  SCV  
  70  5:49  Terran Infantry Weapons Level 1, SCV, Terran Infantry Armor Level 1  
  65  5:52  Command Center  
  65  5:54  SCV  
  66  6:01  SCV  
  67  6:06  SCV, Combat Shields, Marine  
  67  6:09  Starport Reactor  
  69  6:15  Barracks Reactor x2  
  69  6:18  SCV, Barracks  
  69  6:19  SCV, Factory Tech Lab  
  71  6:31  SCV, Refinery, Marauder  
  71  6:32  Marine x2  
  76  6:35  SCV  
  77  6:43  Siege Tank  
  77  6:46  Terran Vehicle Weapons Level 1  
  80  6:48  Medivac x2  
  80  6:49  Marine x2  
  80  6:52  Marauder  
  80  6:53  Supply Depot, Marine x3  
  91  6:54  Supply Depot  
  91  6:55  Supply Depot  
  91  7:05  Liberator x2  
  91  7:07  Marine x2  
  93  7:10  Barracks Reactor  
  93  7:11  Marine x2  
  93  7:13  Supply Depot  
  93  7:15  SCV  
  96  7:25  Concussive Shells, Marine x2  
  104  7:35  Marine  
  104  7:36  Marine x4  
  109  7:40  SCV x2  
  109  7:43  Marine x2  
  113  7:52  SCV  
  113  7:54  Marauder, Marine x2  
  113  7:55  Missile Turret, Marine  
  113  7:56  Refinery  
  113  7:57  Refinery  
  113  7:58  Marine  
  109  7:59  Bunker  
  105  8:10  Siege Tank, Marine x2  
  105  8:11  Marine  
  108  8:15  Marine x2  
  108  8:16  Marauder  
  104  8:21  Medivac  
  104  8:22  Marine x2, Medivac  
  106  8:32  Marine x2  
  108  8:37  Marauder  
  104  8:43  Marine  
  104  8:46  Marine x3  
  104  8:47  Marine x2  
  110  8:49  Terran Infantry Weapons Level 2, Terran Infantry Armor Level 2  
  110  8:50  Marine  
  110  8:54  Marine  
  104  9:03  Marine  
  104  9:04  Marine x2, Marauder  
  104  9:05  Marine  
  97  9:16  Marine x2  
  85  9:25  Orbital Command, Marauder  
  87  9:32  Marine  
  87  9:33  Marine x3  
  87  9:34  Marine  
  92  9:45  Marine  
  93  9:46  Bunker, Marauder  
  93  9:50  SCV, Marine x3  
  93  9:51  Marine x3  
  93  9:52  Marine  
  101  9:56  Siege Tank, Medivac  
  106  10:03  Marine  
  105  10:07  Marine  
  105  10:08  Terran Vehicle Weapons Level 2  
  105  10:09  Marine x2  
  105  10:10  SCV  
  109  10:18  Marine x5  
  109  10:20  Marine  
  115  10:25  Supply Depot, Marine  
  115  10:26  Supply Depot  
  115  10:27  Marine  
  117  10:30  Medivac x2  
  117  10:31  Marine  
  122  10:36  Marine x2  
  122  10:40  Marine  
  122  10:41  Marine x3  
  128  10:44  Marauder  
  128  10:45  Marine  
  128  10:49  Supply Depot, Marine  
  132  10:51  Siege Tank  
  132  10:53  Marine  
  132  10:54  Supply Depot, Marine  
  136  10:58  Marine x2  
  136  10:59  Marine x2  
  140  11:05  Marauder  
  140  11:09  Marine x2, Medivac x2  
  148  11:12  Marine  
  148  11:14  Marine  
  148  11:16  Marine  
  151  11:21  Marine x2  
  151  11:22  Marine  
  144  11:26  Marauder  
  144  11:27  Marine x2  
  142  11:44  Command Center, Siege Tank, Orbital Command  
  142  11:45  Viking x2  
  142  11:46  Marine x3  
  142  11:47  Marine x6  
  144  12:04  Marine  
  144  12:06  Marauder  
  143  12:11  Marine  
  140  12:20  Marine x2  
  140  12:27  Marauder  
  137  12:30  Marine  
  128  12:48  Marauder  
  128  12:51  Viking x2  
  134  13:03  Siege Tank, Marine x2  
  134  13:04  Marine x2  
  141  13:10  Marauder  
  137  13:29  Marine  
  137  13:31  Marauder, Marine x2  
  138  13:34  Marine x3  
  138  13:35  Marine  
  141  13:42  Siege Tank  
  141  13:43  Marine  
  141  13:46  Marine  
  145  13:53  Marauder  
  140  13:59  Marine  
  140  14:00  Marine x2  
  143  14:04  Planetary Fortress  
  143  14:05  SCV  
  143  14:06  SCV x2  
  138  14:14  Marine  
  138  14:15  Marauder  
  122  14:18  SCV  
  122  14:23  SCV  
  124  14:34  Marine x2  
  127  14:40  Medivac  
  127  14:43  SCV, Missile Turret  
  127  14:44  SCV x3  
  129  14:54  Liberator  
  129  14:56  Terran Infantry Weapons Level 3  
  129  15:01  Terran Infantry Armor Level 3  
  131  15:22  Siege Tank  
  131  15:23  Marine x2  
  131  15:24  Marauder  
  126  15:44  SCV  
  126  15:45  SCV, Marauder  
  130  15:52  Marine x3  
  130  15:53  Orbital Command  
  133  16:06  Marauder  
  133  16:15  SCV x2  
  136  16:18  SCV  
  136  16:27  SCV x2  
  136  16:28  Marauder  
  136  16:30  SCV  
  141  16:39  SCV  
  142  16:42  Marine  
  141  16:47  Marine x2  
  141  16:49  Marine, Marauder  
  141  16:51  Marine x3  
  143  17:02  Medivac x2  
  141  17:10  Marauder  
  141  17:12  Marine x2  
  127  17:16  Marine  
  121  17:31  Marine x3  
  121  17:32  Marauder, Medivac  
  125  17:53  Marauder  
  125  17:58  Marine x3  
  128  18:02  Marine x2  
  128  18:03  Marine  
  132  18:15  Marauder, Marine  
  135  18:30  Viking x2, Siege Tank  
  142  18:36  Marauder  
  144  18:44  Marine  
  144  18:45  Marine x6  
  144  18:46  Marine  
  152  18:57  Marauder  
  152  19:02  Marine  
  157  19:03  Marine x4  
Show
View Real Time Build Order
Export as new Build Order

Jay Zerg 

Build Orders: Hatch First, Lurkers 

Get SALT Encoding   

  12  0:01  Drone  
  13  0:08  Drone  
  14  0:20  Extractor  
  14  0:21  Drone, Extractor  
  14  0:22  Drone  
  16  0:43  Hatchery  
  16  0:49  Overlord  
  15  1:04  Spawning Pool  
  14  1:07  Drone  
  14  1:10  Drone  
  16  1:13  Drone  
  17  1:18  Drone  
  18  1:31  Drone  
  19  1:46  Drone  
  20  1:52  Queen  
  22  1:55  Zergling x2  
  22  1:56  Queen  
  22  1:58  Overlord  
  25  2:09  Drone x2  
  25  2:13  Zergling x2  
  28  2:21  Extractor  
  27  2:27  Queen  
  29  2:31  Queen  
  29  2:33  Drone x3  
  34  2:44  Overlord  
  34  2:45  Drone x2  
  36  3:03  Overlord  
  36  3:04  Drone x2  
  36  3:05  Roach Warren, Drone  
  38  3:15  Drone x2  
  38  3:16  Drone x3  
  38  3:17  Drone  
  44  3:26  Overlord  
  44  3:30  Lair  
  44  3:31  Extractor  
  43  3:42  Overlord  
  43  3:44  Extractor  
  42  3:52  Queen  
  44  3:58  Hatchery  
  44  3:59  Drone  
  44  4:00  Evolution Chamber, Drone  
  44  4:01  Evolution Chamber  
  43  4:09  Drone  
  45  4:10  Drone x3  
  45  4:12  Drone  
  45  4:15  Drone  
  49  4:27  Drone  
  49  4:28  Drone x5  
  55  4:34  Zerg Missile Weapons Level 1  
  55  4:36  Glial Reconstitution  
  55  4:42  Zerg Ground Armor Level 1  
  55  4:54  Drone x5  
  55  4:55  Extractor  
  55  4:56  Roach  
  55  4:57  Roach  
  63  5:04  Roach x2  
  65  5:12  Queen  
  65  5:14  Overseer  
  67  5:19  Roach x4  
  73  5:27  Overlord  
  73  5:28  Overlord  
  71  5:48  Roach x2  
  71  5:49  Drone x3  
  77  5:50  Drone x3  
  79  5:59  Hydralisk Den, Overseer  
  78  6:04  Drone x2  
  78  6:05  Drone x4  
  84  6:22  Roach  
  84  6:23  Roach x2  
  90  6:26  Lurker Den  
  90  6:30  Overlord x4  
  90  6:32  Zerg Missile Weapons Level 2  
  90  6:35  Hatchery  
  90  6:39  Zerg Ground Armor Level 2  
  89  6:43  Drone  
  89  6:45  Overlord  
  90  6:53  Drone x4  
  90  6:54  Drone x4  
  98  7:03  Drone x2  
  98  7:04  Drone x4  
  98  7:07  Extractor  
  98  7:08  Extractor  
  102  7:10  Hatchery  
  102  7:11  Drone x2  
  103  7:17  Spore Crawler  
  103  7:20  Spore Crawler  
  103  7:21  Spore Crawler x2  
  99  7:26  Drone  
  99  7:27  Drone x6  
  99  7:28  Drone  
  107  7:32  Ravager x2  
  107  7:34  Ravager x3  
  107  7:35  Ravager x2  
  107  7:36  Ravager  
  115  7:42  Spine Crawler  
  114  7:45  Overlord, Spine Crawler  
  114  7:46  Overlord, Spine Crawler  
  106  8:12  Roach  
  105  8:13  Roach x18  
  139  8:26  Roach  
  143  8:27  Roach x2  
  130  8:43  Hatchery  
  130  8:47  Ravager x2  
  131  9:02  Roach x3  
  114  9:12  Roach x4  
  114  9:13  Roach x11  
  114  9:14  Roach  
  114  9:16  Overlord x2  
  125  9:30  Queen  
  125  9:31  Queen  
  127  9:33  Drone x5  
  134  9:44  Ravager x4  
  134  9:45  Ravager  
  139  9:50  Hatchery  
  139  9:52  Drone x2  
  140  9:53  Drone x3  
  143  10:08  Spore Crawler  
  143  10:10  Spore Crawler  
  141  10:18  Spine Crawler  
  141  10:19  Spine Crawler  
  141  10:20  Spore Crawler  
  141  10:21  Overlord x3  
  138  10:27  Hydralisk Den  
  138  10:28  Infestation Pit  
  136  10:41  Roach  
  136  10:42  Roach x16  
  170  10:45  Hatchery  
  170  10:48  Overseer x2  
  169  11:08  Extractor  
  168  11:12  Extractor  
  168  11:13  Hydralisk x5  
  168  11:14  Hydralisk x3  
  168  11:15  Overlord  
  168  11:16  Overlord  
  179  11:26  Lurker Den  
  171  11:41  Hydralisk  
  171  11:42  Hydralisk x9  
  179  12:08  Drone x2  
  179  12:09  Drone x2  
  179  12:10  Drone x2  
  179  12:12  Spore Crawler  
  179  12:13  Drone x4, Spine Crawler x2  
  186  12:31  Evolution Chamber x2  
  184  12:37  Spore Crawler  
  184  12:38  Spore Crawler x2  
  184  12:39  Overlord x3, Spore Crawler  
  184  12:41  Hive  
  180  12:53  Lurker  
  180  12:54  Lurker x9  
  190  13:14  Hydralisk x4  
  190  13:15  Hydralisk  
  182  13:44  Hatchery  
  173  13:54  Roach x9  
  173  13:55  Roach x2  
  119  14:19  Roach  
  119  14:20  Roach x8  
  119  14:21  Roach  
  139  14:45  Roach  
  139  14:46  Roach x6  
  151  15:04  Hydralisk x3  
  135  15:35  Hydralisk  
  135  15:36  Hydralisk x5  
  147  15:44  Overlord  
  143  16:13  Hatchery  
  131  16:50  Hydralisk  
  131  16:51  Hydralisk x5  
  136  17:13  Roach x4  
Tags
 
Add a new tag
Caveats
  • Supply blocks, unpowered buildings, or Contaminate may cause inaccurate times.
  • Supply counts are checked every 10 seconds.